 Dungeon Crawl Stone Soup version 0.31-a0-7-g51783674b7 (webtiles) character file.

Game seed: 7963417945269948675

1181 Pimp the Trooper (level 8, -1/64 HPs)
             Began as a Demonspawn Fighter on May 5, 2023.
             Was a Believer of Okawaru.
             Shot with a bolt by an orc warrior (11 damage)
             ... on level 7 of the Dungeon.
             The game lasted 00:08:26 (5437 turns).

Pimp the Trooper (Demonspawn Fighter)               Turns: 5437, Time: 00:08:26

Health: -1/64      AC: 13    Str: 18    XL:     8   Next: 19%
Magic:  8/8        EV:  9    Int:  9    God:    Okawaru [**....]
Gold:   364        SH:  8    Dex: 14    Spells: 1/8 levels left

rFire   . . .        a - +1 war axe (flame)
rCold   . . .        c - +3 buckler
rNeg    . . .        b - +0 scale mail
rPois   .            (no helmet)
rElec   .            o - scarf {repulsion}
rCorr   .            f - +2 pair of gloves
SInv    .            (no boots)
Will    .....        (no amulet) Stlth
                     (no ring)
HPRegen 0.30/turn    (no ring)
MPRegen 0.11/turn

%: repel missiles
@: silenced
A: hooves 1, icy blue scales 2, ignite blood 2
a: Renounce Religion


You were on level 7 of the Dungeon.
You worshipped Okawaru.
Okawaru was pleased with you.
You visited 1 branch of the dungeon, and saw 7 of its levels.

You collected 478 gold pieces.
You spent 114 gold pieces at shops.

Inventory:

Hand Weapons
 a - a +1 war axe of flaming (weapon)
Missiles
 y - a throwing net
Armour
 b - a +0 scale mail (worn)
 c - a +3 buckler (worn)
 f - a +2 pair of gloves (worn)
 o - a scarf of repulsion (worn)
Jewellery
 t - a ring of wizardry
 B - a ring of see invisible
Wands
 p - a wand of digging (6)
 s - a wand of acid (4) (quivered)
 C - a wand of flame (12)
Scrolls
 e - 7 scrolls of identify
 g - 2 scrolls of enchant armour
 i - 3 scrolls of teleportation
 n - a scroll of blinking
 r - a scroll of vulnerability
 u - a scroll of fog
 A - a scroll of immolation
Potions
 d - a potion of might
 h - 5 potions of curing
 j - 2 potions of attraction {unknown}
 k - 3 potions of degeneration {unknown}
 l - a potion of lignification {unknown}
 m - a potion of mutation {unknown}
 q - 2 potions of haste {unknown}
 v - a potion of experience {unknown}
 w - 2 potions of cancellation {unknown}
 z - 2 potions of flight {unknown}
 E - a potion of ambrosia {unknown}


   Skills:
 + Level 5.6 Fighting
 + Level 4.7 Axes
 + Level 5.1 Armour
 - Level 5.1 Shields
 + Level 0.5 Spellcasting
 + Level 0.6 Ice Magic


You had one spell level left.
You knew the following spells:

 Your Spells              Type           Power      Damage    Failure   Level
a - Ozocubu's Refrigerat  Ice            0%         4d7       100%        7

Your spell library contained the following spells:

 Spells                   Type           Power      Damage    Failure   Level
 Polar Vortex             Ice            0%         N/A       100%        9
 Simulacrum               Ice/Necr       Unusable   N/A       N/A         6

Dungeon Overview and Level Annotations

Branches:
Dungeon (7/15)             Temple (0/1) D:5

Altars:
Ashenzari
Cheibriados
Okawaru

Shops:
D:1 (   D:3 ?


Innate Abilities, Weirdness & Mutations

You have large cloven feet.
You are mostly covered in icy blue scales. (AC +3)
Your demonic aura often causes spilled blood to erupt in flames.


Message History

You block the orc priest's attack. You block something's attack.
Deactivating autopickup; reactivate with Ctrl-A.
The orc warrior shoots a bolt.
You block the bolt.
It was a potion of curing.
You feel better. You block the orc priest's attack.
The orc warrior shoots a bolt.
The bolt closely misses you.
You hit the orc priest but do no damage.
The orc priest is severely wounded.
You hit something. You burn something. The orc priest closely misses you.
Something hits you but does no damage.
You closely miss the orc priest. Your kick misses the orc priest.
The orc priest is severely wounded.
You barely miss something. The orc priest barely misses you.
The orc warrior shoots a bolt.
You hit the orc priest. You burn the orc priest.
You kick the orc priest, but do no damage.
The orc priest is almost dead.
You miss something. The orc priest barely misses you.
Okawaru accepts your kill.
Reactivating autopickup.
You feel a bit more experienced.
The orc warrior shoots a bolt.
You block the bolt. You block the sky beast's attack.
The orc priest hits you with a +0 hand axe.
The orc warrior shoots a bolt.
The bolt hits you!
* * * LOW HITPOINT WARNING * * *
You hit the orc priest but do no damage.
Your kick misses the orc priest.
The orc priest is almost dead.
You hit the sky beast. You burn the sky beast.
The sky beast hits you but does no damage.
The orc priest hits you but does no damage.
The orc warrior shoots a bolt.
You block the bolt.
You barely miss the orc priest. You kick the orc priest.
You kill the orc priest!
Okawaru accepts your kill.
You slash the sky beast! You burn the sky beast.
The sky beast flickers out of sight!
Deactivating autopickup; reactivate with Ctrl-A.
Something hits you but does no damage.
The orc warrior shoots a bolt.
The bolt hits you!
You die...

#.......#
........#.⌠...⌠.#
........#.......#
........+...⌠...+
........#.......#
........#.⌠...⌠.#
........#.......#
........####@####..#
.......<...°l{.....#
..$.......o........#
...................#
...................#
...................#
...................#
...................#
...................#


You could see an orc warrior and a wyvern.

Vanquished Creatures
  A water moccasin (D:6)
  A sky beast (D:7)
  A centaur (D:5)
  5 scorpions
  A howler monkey (D:6)
  2 hounds
  An orc priest (D:7)
  2 gnoll boudas
  A jelly (D:5)
  2 iguanas (D:6)
  4 orc wizards
  9 gnolls
  7 adders
  A white imp (D:6)
  An ufetubus (D:5)
  2 worms (D:2)
  3 dart slugs
  16 orcs
  6 bats
  5 endoplasms
  A giant cockroach (D:3)
  9 hobgoblins
  4 jackals (D:2)
  4 quokkas
  3 ball pythons
  5 frilled lizards
  10 goblins
  7 kobolds
  4 rats
118 creatures vanquished.

Vanquished Creatures (others)
  3 plants (D:3)
3 creatures vanquished.

Grand Total: 121 creatures vanquished

Notes
Turn   | Place    | Note
-------+----------+-------------------------------------------
     0 | D:1      | Pimp the Demonspawn Fighter began the quest for the Orb.
     0 | D:1      | Reached XP level 1. HP: 18/18 MP: 1/1
   143 | D:1      | Found Jiariagokh's Weapon Shop.
   244 | D:1      | Found a faded altar of an unknown god.
   339 | D:1      | Gained mutation: You are partially covered in icy blue
                  | scales. (AC +2) [demonic ancestry]
   339 | D:1      | Reached XP level 2. HP: 24/24 MP: 2/2
  1003 | D:2      | Gained mutation: Your demonic aura sometimes causes spilled
                  | blood to erupt in flames. [demonic ancestry]
  1003 | D:2      | Reached XP level 3. HP: 28/29 MP: 3/3
  1193 | D:2      | You fall into a shaft and drop 2 floors!
  1223 | D:4      | Noticed a scorpion
  1229 | D:4      | Killed a scorpion
  1230 | D:4      | Reached XP level 4. HP: 22/36 MP: 4/4
  1532 | D:3      | Reached XP level 5. HP: 41/42 MP: 5/5
  2761 | D:3      | Found Axzokhloxo's Magic Scroll Shoppe.
  2766 | D:3      | Bought a scroll of brand weapon for 114 gold pieces
  3546 | D:5      | Entered Level 5 of the Dungeon
  3546 | D:5      | Found an iron altar of Okawaru.
  3546 | D:5      | Found a broken altar of Ashenzari.
  3546 | D:5      | Found a snail-covered altar of Cheibriados.
  3552 | D:5      | Became a worshipper of Warmaster Okawaru
  3582 | D:5      | Gained mutation: You have large cloven feet. [demonic
                  | ancestry]
  3582 | D:5      | Reached XP level 6. HP: 26/48 MP: 6/6
  3861 | D:5      | Reached * piety under Okawaru
  4070 | D:5      | Gained mutation: Your demonic aura often causes spilled
                  | blood to erupt in flames. [demonic ancestry]
  4070 | D:5      | Reached XP level 7. HP: 46/55 MP: 7/7
  4246 | D:5      | Found a staircase to the Ecumenical Temple.
  4473 | D:6      | Reached skill level 5 in Fighting
  4943 | D:6      | Reached skill level 5 in Armour
  4943 | D:6      | Reached skill level 5 in Shields
  4943 | D:6      | Gained mutation: You are mostly covered in icy blue scales.
                  | (AC +3) [demonic ancestry]
  4943 | D:6      | Reached XP level 8. HP: 63/63 MP: 8/8
  4960 | D:6      | Reached ** piety under Okawaru
  5382 | D:6      | Learned a level 7 spell: Ozocubu's Refrigeration
  5437 | D:7      | Shot with a bolt by an orc warrior

Illustrated notes

Levels and vault maps discovered:
D:1:      grunt_arrival_crossed_arrows, layout_loops_corners,
          ebering_ecumenical_altar_webs, serial_shops,
          nicolae_shop_bloodbath_and_beyond
D:2:      layout_basic, minmay_between
D:3:      layout_loops_ring, serial_shops, nicolae_shop_trees,
          serial_bayou_pond_b, minmay_quantized
D:4:      layout_cave_pods, serial_bayou_lagoon_a
D:5:      layout_cave_pools, chequers_temple_overflow_statue_of_worship,
          minmay_temple_entry_enclosed_plants
D:6:      layout_loops_ring, minmay_stone_trees_medium, nicolae_hexahallways
D:7:      minmay_evil_eye, layout_basic, dk_vineyard_2, corner_web_ring,
          hangedman_feature_mirror, minmay_fountain_box,
          corexii_leaking_fountain, nicolae_underground_beach

Skill      XL: |  1  2  3  4  5  6  7 |
---------------+----------------------+-----
Axes           | 2 3 4 |  4.7
Armour         | 3 4 5 |  5.1
Shields        | 3 4 5 |  5.1
Fighting       | 4 5 |  5.6
Spellcasting   | |  0.5
Ice Magic      | |  0.6

Action                     |  1- 3 |  4- 6 |  7- 9 || total
---------------------------+-------+-------+-------++-------
  Melee: War axe           |    69 |   173 |    69 ||   311
         Kick              |       |     7 |    21 ||    28
  Evoke: Wand              |       |     5 |       ||     5
    Use: Scroll            |     8 |     5 |     5 ||    18
         Potion            |       |     1 |     1 ||     2
 Armour: Scale mail        |    39 |   111 |    39 ||   189
  Dodge: Dodged            |    27 |   108 |    27 ||   162
  Block: Buckler           |     9 |    75 |    36 ||   120

Table legend: (Time is in decaauts)
 A = Elapsed time spent in this place.
 B = Non-inter-level travel time spent in this place.
 C = Inter-level travel time spent in this place.
 D = Time resting spent in this place.
 E = Time spent auto-exploring this place.
 F = Levels seen in this place.
 G = Mean time per level.
                   A        B        C        D        E       F      G
               +--------+--------+--------+--------+--------+-----+--------+
         Total |   5568 |   5272 |    296 |    400 |   3829 |   7 |  795.4 |
       Dungeon |   5568 |   5272 |    296 |    400 |   3829 |   7 |  795.4 |
               +--------+--------+--------+--------+--------+-----+--------+

Top non-repeatable levels by time:
     D:4: 1147 daAuts
     D:6: 1070 daAuts
     D:2: 985 daAuts
     D:1: 962 daAuts
     D:3: 739 daAuts
     D:5: 638 daAuts
     D:7: 24 daAuts
